cohdb
Replays
Latest Replays
All Replays
Popular Replays
Top Player Replays
Match Explorer
How It Works
Community
CoH3 Stats
Reddit
Sign in to upload your games and track your stats! →
Sign in with Steam
Match 41774015
Unlisted
Match 41774015
Overview
Messages
Build Orders
End
Kettenkrad Recon Vehicle
Construct Infanterie Kompanie
MG 42 Machine Gun Team
GrW 34 Mortar Team
MG 42 Bunker
Construct Luftwaffe Kompanie
Flak 30 Anti-aircraft Gun Team
Jäger Squad
Jäger Squad
Support Elements
Wirbelwind Flakpanzer
Construct Panzergrenadier Kompanie
251 Medium Carrier
Side Skirts
Nebelwerfer 42 Rocket Launcher Team
Luftwaffe Officer Quarters
Kettenkrad Recon Vehicle
Nebelwerfer 42 Rocket Launcher Team
Selects Terror Battlegroup
Selects Interrogate
Selects Jericho Trumpet
Selects V1 Rocket Strike
Kettenkrad Recon Vehicle
V1 Rocket Strike
V1 Rocket Strike
Construct Panzer Kompanie
Panzer IV Medium Tank
Wirbelwind Flakpanzer
Panzer IV Medium Tank
Kettenkrad Recon Vehicle
V1 Rocket Strike
V1 Rocket Strike
Jericho Trumpet
JP
Gernhardt Reinlunzen
shor
USS_FreeIsrael
Dawes
Deamonik
Scooby
The Unnamed One
0
0
Comments
sign in to comment!
No comments posted yet!